 Dungeon Crawl Stone Soup version 0.29.1-1-gd02db6906a (webtiles) character file.

Game seed: 15948123182072102028

149 LustLizard the Trooper (level 5, -3/39 (42) HPs)
             Began as a Demonspawn Fighter on Oct 21, 2022.
             Slain by a wight
             ... wielding a +4 flail
              (9 damage)
             ... on level 2 of the Dungeon.
             The game lasted 00:03:12 (2513 turns).

LustLizard the Trooper (Demonspawn Fighter)         Turns: 2513, Time: 00:03:13

HP:   -3/39 (42)    AC:  6    Str: 16    XL:     5   Next: 9%
MP:   5/5           EV:  8    Int: 11    God:
Gold: 141           SH:  5    Dex: 15    Spells: 4/4 levels left

rFire   . . .      SeeInvis .   a - +0 long sword
rCold   . . .      Faith    .   c - +0 buckler
rNeg    . . .      Spirit   .   b - +0 scale mail
rPois   .          Reflect  .   (no helmet)
rElec   .          Harm     .   (no cloak)
rCorr   .          Rampage  .   (no gloves)
Will    .....                   (no boots)
Stlth   ..........              s - amulet of magic regeneration
HPRegen 0.13/turn               (no ring)
MPRegen 0.58/turn               (no ring)

@: drained
A: magic regeneration, big brain 1, weakness stinger 1
a: no special abilities


You were on level 2 of the Dungeon.
You visited 1 branch of the dungeon, and saw 3 of its levels.

You collected 141 gold pieces.

Inventory:

Hand Weapons
 a - a +0 long sword (weapon)
Missiles
 e - 5 poisoned darts
 i - 21 stones (quivered)
Armour
 b - a +0 scale mail (worn)
 c - a +0 buckler (worn)
Jewellery
 s - an amulet of magic regeneration (around neck)
Wands
 v - a wand of polymorph (7)
Scrolls
 g - a scroll of poison {unknown}
 h - 4 scrolls of identify {unknown}
 n - a scroll of immolation {unknown}
 o - a scroll of fog {unknown}
 p - a scroll of blinking {unknown}
 q - a scroll of amnesia {unknown}
 r - a scroll of summoning {unknown}
 t - a scroll of teleportation {unknown}
 u - a scroll of vulnerability {unknown}
Potions
 d - 2 potions of might
 f - a potion of lignification {unknown}
 j - a potion of mutation {unknown}
 k - a potion of curing {unknown}
 l - a potion of brilliance {unknown}
 m - a potion of heal wounds {unknown}


   Skills:
 + Level 3.7 Fighting
 * Level 3.3 Long Blades
 * Level 2.5 Throwing
 - Level 2.6 Armour
 - Level 2.6 Shields


You had 4 spell levels left.
You didn't know any spells.
Your spell library was empty.

Dungeon Overview and Level Annotations

Branches:
Dungeon (3/15)

Altars:


Innate Abilities, Weirdness & Mutations

You regenerate magic rapidly.
You have an unusually large brain. (Int +2)
You have a small tail.


Message History

The wight hits you with a +5 short sword.
* * * LOW HITPOINT WARNING * * *
You hit the wight.
The wight is severely damaged.
You block the wight's attack.
You hit the wight.
You destroy the wight!
You have reached level 5!
You start resting.
HP restored.
Things that are here:
a +5 short sword; a +0 robe
There is a stone staircase leading down, spattered with blood here.
You climb downwards.
The wight hits you with a +4 flail! x2; You feel drained.
There is a stone staircase leading up, spattered with blood here.
You block the wight's attack.
You climb upwards.
There is a stone staircase leading down, spattered with blood here.
Things that are here:
a +0 robe; a +5 short sword You hit the wight.
The wight is lightly damaged.
The wight barely misses you.
You closely miss the wight.
The wight is lightly damaged.
You block the wight's attack.
You hit the wight.
The wight is heavily damaged.
The wight hits you with a +4 flail!
* * * LOW HITPOINT WARNING * * *
The wight hits you but does no damage.
You hit the wight but do no damage.
The wight is heavily damaged.
The wight hits you with a +4 flail.
* * * LOW HITPOINT WARNING * * *
You feel drained.
You hit the wight but do no damage.
The wight is heavily damaged.
The wight hits you with a +4 flail!
You die...

#.###......8### ##.####
#..##......## ###.....
#..........# #.......
##..........## ####.......
#..#8###8###⌠# ##..........
#.############ ##...##...... #.#
#...# ####....##...... #.##
#.#.####......##.......
##..####.#.#z@................
#.............##...######.....
#.....#>.#.####..### ##....
#####......#..).## #####....
###.#....#### #.....###
##########........#######.######.
#.<..................)..#.######.
###........##....................
##........#.......#..##...####.


You could see a wight.

Vanquished Creatures
  A wight (D:2)
  Ijyb (D:3)
  2 adders (D:2)
  2 worms (D:2)
  2 dart slugs (D:2)
  5 ball pythons
  4 endoplasms
  A giant cockroach (D:1)
  3 goblins
  5 hobgoblins
  2 quokkas (D:1)
  8 bats
  2 frilled lizards
  7 kobolds
  3 rats
48 creatures vanquished.

Notes
Turn   | Place    | Note
-------+----------+-------------------------------------------
     0 | D:1      | LustLizard the Demonspawn Fighter began the quest for the
                  | Orb.
     0 | D:1      | Reached XP level 1. HP: 18/18 MP: 1/1
   195 | D:1      | Found a faded altar of an unknown god.
   477 | D:1      | Gained mutation: You regenerate magic rapidly. [demonic
                  | ancestry]
   477 | D:1      | Reached XP level 2. HP: 24/24 MP: 2/2
   581 | D:1      | Reached skill level 1 in Throwing
  1122 | D:2      | Gained mutation: You have a small tail. [demonic ancestry]
  1122 | D:2      | Reached XP level 3. HP: 22/29 MP: 3/3
  2019 | D:3      | Gained mutation: You have an unusually large brain. (Int
                  | +2) [demonic ancestry]
  2019 | D:3      | Reached XP level 4. HP: 35/35 MP: 4/4
  2032 | D:3      | Noticed Ijyb
  2040 | D:3      | Killed Ijyb
  2295 | D:2      | Reached XP level 5. HP: 13/42 MP: 5/5
  2513 | D:2      | Slain by a wight

Illustrated notes

Levels and vault maps discovered:
D:1:      spicycebolla_green_bress_n_ham, layout_basic,
          ebering_ecumenical_altar_ruins
D:2:      layout_rooms, serial_corexii_hall, chequers_hall_statues_corner_a,
          chequers_hall_statues_wall_a
D:3:      layout_basic, uniq_ijyb

Skill      XL: |  1  2  3  4 |
---------------+-------------+-----
Long Blades    | 2 3 |  3.3
Throwing       | 1 2 |  2.5
Fighting       | |  3.7
Armour         | |  2.6
Shields        | |  2.6

Action                   |  1- 3 |  4- 6 || total
-------------------------+-------+-------++-------
Melee: Long sword        |   120 |    28 ||   148
       Tailslap          |     2 |     1 ||     3
Throw: Stone             |     4 |     6 ||    10
       Dart              |       |     4 ||     4
Armor: Scale mail        |    59 |     6 ||    65
       Skin              |       |     8 ||     8
Dodge: Dodged            |    48 |     3 ||    51
Block: Buckler           |    32 |     7 ||    39
